Americans vs Penguins
Created - Sunday, January 26, 2025 at 23:12
Goals
|
Americans |
1 |
3 |
2 |
0 |
0 |
6 |
Penguins |
4 |
1 |
1 |
0 |
1 |
7 |
|
Shots
|
Americans |
14 |
16 |
18 |
1 |
4 |
49 |
Penguins |
10 |
6 |
9 |
2 |
4 |
27 |
|
1st period
1. Americans , Josh Anderson 21 (Robin Salo 23, Alex Turcotte 21) at 2:52
2. Penguins , Lucas Edmonds 14 (Antti Saarela 17, Corey Schueneman 19) at 6:28
3. Penguins , Nikita Chibrikov 26 (Anthony Deangelo 32, Jake Massie 12) at 7:45
4. Penguins , Antti Saarela 9 (Nikita Chibrikov 19, Jake Massie 13) at 10:35
5. Penguins , Daniel Torgersson 7 (Brayden Tracey 18) at 13:49
Penalties :
Adam Scheel (RCH) for Delaying the game (Minor) at 0:04 - Josh Anderson served the penalty., Antti Saarela (WBS) for Slashing (Minor) at 3:10, Tyler Kleven (WBS) for Roughing (Minor) at 3:50, Robin Salo (RCH) for Slashing (Minor) at 14:45, Thomas Bordeleau (RCH) for High sticking (Minor) at 18:52
2nd period
6. Penguins , Anthony Deangelo 19 (Antti Saarela 18) at 4:09 (PP)
7. Americans , Josh Anderson 22 (Henry Thrun 35, Thomas Bordeleau 33) at 5:51 (PP)
8. Americans , Kristian Reichel 13 (Jack Thompson 13) at 15:59
9. Americans , Thomas Bordeleau 31 (Sheldon Rempal 18, Robin Salo 24) at 18:01 (PP)
Penalties :
Robin Salo (RCH) for Tripping (Minor) at 4:07, Jake Massie (WBS) for Tripping (Minor) at 4:30, Nikita Chibrikov (WBS) for Slashing (Minor) at 10:50, Corey Schueneman (WBS) for Slashing (Minor) at 13:27, Tyson Hinds (WBS) for High sticking (Minor) at 16:08
3rd period
10. Penguins , Corey Schueneman 4 (Daniel Torgersson 9, Tyler Kleven 23) at 4:30
11. Americans , Thomas Bordeleau 32 (Kristian Reichel 11, Ivan Ivan 17) at 8:45
12. Americans , Nikita Alexandrov 12 (Carter Mazur 13, Joakim Kemell 27) at 15:09
Penalties :
Kristian Reichel (RCH) for Roughing (Minor) at 5:19, Carter Mazur (RCH) for Tripping (Minor) at 10:01
Overtime #1
No Goal
Penalties :
No Penalty
Shootout
Americans, Joakim Kemell - Stopped by Mitchell Weeks
Penguins, Austin Watson - Stopped by Trent Miner
Americans, Carter Mazur - Shot Misses the Net
Penguins, Brendan Lemieux - Stopped by Trent Miner
Americans, Sheldon Rempal - Stopped by Mitchell Weeks
Penguins, Ryan Winterton - Stopped by Trent Miner
Americans, Kristian Reichel - Stopped by Mitchell Weeks
Penguins, Nikita Chibrikov - Goal!
Penalties :
No Penalty
Goalie Stats
Trent Miner (RCH), 13 saves from 14 shots - (0.929), OTL, 19-9-6, 40:51 minutes
Adam Scheel (RCH), 8 saves from 13 shots - (0.615), 24:09 minutes
Mitchell Weeks (WBS), 43 saves from 49 shots - (0.878), W, 4-6-0, 65:00 minutes
Players Stats for Americans
Player Name G A P +/- PIM S H SB GA TA FO MP PP MP PK MP
------------------------------------------------------------------------------------
Alex Turcotte 0 1 1 0 0 1 2 0 0 0 12/20 19:06 4:38 0:00
Carter Mazur 0 1 1 0 2 4 2 0 0 0 0/2 18:33 5:02 0:00
Dennis Cholowski 0 0 0 -1 0 2 1 0 0 0 0/0 23:57 4:22 6:21
Henry Thrun 0 1 1 -1 0 2 1 5 0 0 0/0 26:47 4:55 6:09
Ian Mitchell 0 0 0 -1 0 0 0 1 0 0 0/0 19:03 0:34 3:09
Ivan Ivan 0 1 1 -1 0 3 1 1 0 0 17/34 18:23 0:00 5:49
Jack Thompson 0 1 1 1 0 0 2 1 0 0 0/0 16:07 0:44 0:57
Joakim Kemell 0 1 1 0 0 5 0 1 0 0 1/3 19:24 5:02 0:00
Jonathan Gruden 0 0 0 0 0 0 0 0 0 0 0/0 4:59 1:05 1:05
Josh Anderson 2 0 2 0 0 10 1 0 0 0 5/6 22:26 4:45 0:21
Kristian Reichel 1 1 2 -1 2 2 3 0 0 0 1/3 17:26 0:00 4:53
Martin Chromiak 0 0 0 0 0 1 1 0 0 0 0/0 6:27 0:43 2:55
Michael Vukojevic 0 0 0 1 0 0 1 3 0 0 0/0 17:31 0:00 3:18
Nikita Alexandrov 1 0 1 0 0 3 1 0 0 0 14/20 17:38 4:06 0:00
Robin Salo 0 2 2 -1 4 0 0 0 0 0 0/0 16:48 4:22 0:00
Samuel Houde 0 0 0 0 0 1 0 0 0 0 0/0 2:41 1:07 1:29
Sheldon Rempal 0 1 1 1 0 3 1 0 0 0 0/2 16:42 4:06 0:00
Thomas Bordeleau 2 1 3 -2 2 12 2 0 0 0 6/9 21:00 3:44 3:22
Players Stats for Penguins
Player Name G A P +/- PIM S H SB GA TA FO MP PP MP PK MP
------------------------------------------------------------------------------------
Anthony Deangelo 1 1 2 0 0 3 0 0 0 0 0/0 24:42 5:22 4:04
Antti Saarela 1 2 3 2 2 2 1 0 0 0 13/22 17:53 4:31 0:27
Austin Watson 0 0 0 -1 0 3 3 0 0 0 4/18 24:35 4:52 5:17
Brayden Tracey 0 1 1 0 0 1 0 0 0 0 0/3 22:59 5:26 2:12
Brendan Lemieux 0 0 0 -1 0 1 2 0 0 0 1/3 15:08 0:00 4:22
Corey Schueneman 1 1 2 3 2 3 4 0 0 0 0/0 20:50 4:22 3:11
Daniel Torgersson 1 1 2 0 0 2 0 0 0 0 0/0 18:53 0:39 0:31
Farm Player 115 0 0 0 0 0 0 0 0 0 0 5/16 16:04 0:13 1:41
Jake Massie 0 2 2 0 2 1 0 1 0 0 0/0 21:03 5:22 2:26
Jakub Zboril 0 0 0 -2 0 0 0 3 0 0 0/0 15:49 0:00 1:10
Lucas Edmonds 1 0 1 2 0 4 2 0 0 0 2/4 18:42 3:52 0:00
Marcel Marcel 0 0 0 0 0 0 1 0 0 0 0/0 1:37 0:34 0:00
Nikita Chibrikov 1 1 2 2 2 2 3 0 0 0 0/1 21:44 4:31 1:58
Ozzy Wiesblatt 0 0 0 0 0 0 0 0 0 0 0/0 0:00 0:00 0:00
Roni Hirvonen 0 0 0 0 0 0 0 0 0 0 0/0 0:00 0:00 0:00
Ryan Winterton 0 0 0 -1 0 4 0 1 0 0 18/32 23:13 5:26 3:42
Tyler Kleven 0 1 1 3 2 0 3 5 0 0 0/0 20:18 4:22 3:48
Tyson Hinds 0 0 0 -2 2 1 1 4 0 0 0/0 20:14 0:13 3:15
3 Stars
1 - Corey Schueneman (WBS)
2 - Antti Saarela (WBS)
3 - Nikita Chibrikov (WBS)
Power Play
Americans - 2 on 6 Attempt(s) - 33.33%
Penguins - 1 on 6 Attempt(s) - 16.67%
Penalty Kill
Americans - 5 on 6 Attempt(s) - 83.33%
- Score 0 goal in Penalty Kill
Penguins - 4 on 6 Attempt(s) - 66.67%
- Score 0 goal in Penalty Kill
Team Stat
Americans - Hits : 19 - Faceoff Wins : 56 - Blocked Shots : 12 - Penalty Minutes : 12
Penguins - Hits : 20 - Faceoff Wins : 43 - Blocked Shots : 14 - Penalty Minutes : 12
Official
Referees : Wes Mccauley and Graham Skilliter
Linesman : Dan Kelly and Trent Knorr
Game Notes
Trent Miner enters game at 4:09 of 2nd period
Finance
Level 1 -- Attendance: 1898 (94.90%) -- Ticket Income $66,430
Level 2 -- Attendance: 1000 (100.00%) -- Ticket Income $15,000
Total Attendance: 2898 (96.60%)
Total Ticket Income: $81,430
Other Income: $39,901
Total Income: $121,331
Americans
5 vs 5 Forward
Center Left Wing Right Wing Time % Phy DF OF
1 Alex Turcotte Sheldon Rempal Josh Anderson 31 1 1 3
2 Nikita Alexandrov Carter Mazur Joakim Kemell 30 0 1 4
3 Ivan Ivan Thomas Bordeleau Kristian Reichel 27 2 1 2
4 Josh Anderson Jonathan Gruden Martin Chromiak 12 2 2 1
5 vs 5 Defense
Defense Defense Time % Phy DF OF
1 Henry Thrun Ian Mitchell 32 1 2 2
2 Dennis Cholowski Robin Salo 30 1 2 2
3 Michael Vukojevic Jack Thompson 28 2 2 1
4 Dennis Cholowski Ian Mitchell 10 2 1 2
PowerPlay Forward
Center Left Wing Right Wing Time % Phy DF OF
1 Alex Turcotte Carter Mazur Joakim Kemell 60 1 0 4
2 Nikita Alexandrov Thomas Bordeleau Sheldon Rempal 40 1 0 4
PowerPlay Defense
Defense Defense Time % Phy DF OF
1 Henry Thrun Josh Anderson 60 1 1 3
2 Robin Salo Dennis Cholowski 40 1 1 3
Penalty Kill 4 Players Forward
Center Wing Time % Phy DF OF
1 Ivan Ivan Kristian Reichel 60 2 2 1
2 Thomas Bordeleau Martin Chromiak 40 2 2 1
Penalty Kill 4 Players Defense
Defense Defense Time % Phy DF OF
1 Dennis Cholowski Henry Thrun 60 2 3 0
2 Michael Vukojevic Ian Mitchell 40 2 3 0
Penalty Kill - 3 Players Forward
Forward Time % Phy DF OF
1 Ivan Ivan 60 2 2 1
2 Thomas Bordeleau 40 2 2 1
Penalty Kill - 3 Players Defense
Defense Defense Time % Phy DF OF
1 Dennis Cholowski Henry Thrun 60 2 3 0
2 Michael Vukojevic Ian Mitchell 40 2 3 0
4 vs 4 Forward
Center Wing Time % Phy DF OF
1 Alex Turcotte Carter Mazur 60 1 0 4
2 Nikita Alexandrov Joakim Kemell 40 1 0 4
4 vs 4 Defense
Defense Defense Time % Phy DF OF
1 Robin Salo Josh Anderson 60 1 1 3
2 Sheldon Rempal Dennis Cholowski 40 1 1 3
Last Minutes Offensive
Center Left Wing Right Wing Defense Defense
Alex Turcotte Josh Anderson Joakim Kemell Henry Thrun Ian Mitchell
Last Minutes Defensive
Center Left Wing Right Wing Defense Defense
Thomas Bordeleau Sheldon Rempal Kristian Reichel Dennis Cholowski Ian Mitchell
Goaltenders
Starting : Adam Scheel
Backup : Trent Miner
Extra Forwards
Normal : Joakim Kemell, Josh Anderson, Sheldon Rempal - PP : Sheldon Rempal, Joakim Kemell - PK : Thomas Bordeleau
Extra Defensemen
Normal : Michael Vukojevic, Henry Thrun, Ian Mitchell - PP : Robin Salo - PK : Henry Thrun, Ian Mitchell
Penalty Shots
Joakim Kemell, Carter Mazur, Sheldon Rempal, Kristian Reichel, Ivan Ivan
Custom OT Lines Forwards
Alex Turcotte, Josh Anderson, Thomas Bordeleau, Joakim Kemell, Nikita Alexandrov, Carter Mazur, Ivan Ivan, Sheldon Rempal, Martin Chromiak, Kristian Reichel
Custom OT Lines Defensemen
Henry Thrun, Ian Mitchell, Dennis Cholowski, Michael Vukojevic, Robin Salo
Scratches
Mattias Norlinder (Healthy), Jason Polin (Healthy), David Spacek (Healthy), Jakub Demek (Healthy), Amadeus Lombardi (Healthy)
Maxim Cajkovic (Healthy), Robert Mastrosimone (Healthy), Libor Hajek (Healthy), Xavier Parent (Healthy), Travis Mitchell (Healthy)
Josiah Slavin (Healthy), Hunter Skinner (Right Hip Injury), Oskari Salminen (Healthy), Strauss Mann (Healthy), Jacob Ingham (Healthy)
Hunter Jones (Healthy)
Penguins
5 vs 5 Forward
Center Left Wing Right Wing Time % Phy DF OF
1 Ryan Winterton Austin Watson Brendan Lemieux 25 1 2 2
2 Antti Saarela Nikita Chibrikov Lucas Edmonds 25 1 2 2
3 Farm Player 115 Brayden Tracey Daniel Torgersson 25 1 2 2
4 Austin Watson Daniel Torgersson Ryan Winterton 25 1 2 2
5 vs 5 Defense
Defense Defense Time % Phy DF OF
1 Jake Massie Anthony Deangelo 25 1 2 2
2 Corey Schueneman Tyler Kleven 25 1 2 2
3 Jakub Zboril Tyson Hinds 25 1 2 2
4 Jake Massie Anthony Deangelo 25 1 2 2
PowerPlay Forward
Center Left Wing Right Wing Time % Phy DF OF
1 Ryan Winterton Austin Watson Brayden Tracey 60 1 2 2
2 Antti Saarela Nikita Chibrikov Lucas Edmonds 40 1 2 2
PowerPlay Defense
Defense Defense Time % Phy DF OF
1 Jake Massie Anthony Deangelo 60 1 2 2
2 Corey Schueneman Tyler Kleven 40 1 2 2
Penalty Kill 4 Players Forward
Center Wing Time % Phy DF OF
1 Austin Watson Brendan Lemieux 60 1 2 2
2 Ryan Winterton Nikita Chibrikov 40 1 2 2
Penalty Kill 4 Players Defense
Defense Defense Time % Phy DF OF
1 Tyson Hinds Anthony Deangelo 60 1 2 2
2 Corey Schueneman Tyler Kleven 40 1 2 2
Penalty Kill - 3 Players Forward
Forward Time % Phy DF OF
1 Austin Watson 60 1 2 2
2 Ryan Winterton 40 1 2 2
Penalty Kill - 3 Players Defense
Defense Defense Time % Phy DF OF
1 Jake Massie Anthony Deangelo 60 1 2 2
2 Corey Schueneman Tyler Kleven 40 1 2 2
4 vs 4 Forward
Center Wing Time % Phy DF OF
1 Austin Watson Brayden Tracey 60 1 2 2
2 Ryan Winterton Nikita Chibrikov 40 1 2 2
4 vs 4 Defense
Defense Defense Time % Phy DF OF
1 Jake Massie Anthony Deangelo 60 1 2 2
2 Corey Schueneman Tyler Kleven 40 1 2 2
Last Minutes Offensive
Center Left Wing Right Wing Defense Defense
Ryan Winterton Austin Watson Brendan Lemieux Corey Schueneman Anthony Deangelo
Last Minutes Defensive
Center Left Wing Right Wing Defense Defense
Ryan Winterton Austin Watson Brendan Lemieux Corey Schueneman Anthony Deangelo
Goaltenders
Starting : Mitchell Weeks
Backup : Aaron Dell
Extra Forwards
Normal : Marcel Marcel, Brayden Tracey, Austin Watson - PP : Marcel Marcel, Brayden Tracey - PK : Austin Watson
Extra Defensemen
Normal : Anthony Deangelo, Tyson Hinds, Jake Massie - PP : Anthony Deangelo - PK : Tyson Hinds, Jake Massie
Penalty Shots
Austin Watson, Brendan Lemieux, Ryan Winterton, Nikita Chibrikov, Brayden Tracey
Custom OT Lines Forwards
Austin Watson, Brendan Lemieux, Ryan Winterton, Nikita Chibrikov, Brayden Tracey, Lucas Edmonds, Farm Player 115, Daniel Torgersson, Antti Saarela, Marcel Marcel
Custom OT Lines Defensemen
Tyson Hinds, Anthony Deangelo, Corey Schueneman, Tyler Kleven, Jake Massie
Scratches
Farm Player 17 (Healthy), Farm Player 19 (Healthy), Thomas Milic (Healthy), Nico Daws (Healthy)
% Time on Ice - AmericansLines # - Real PCT - Wanted PCT - Time Play
Normal Forward
1 - 31% - 31% - 12:16
2 - 31% - 30% - 12:33
3 - 31% - 27% - 12:34
4 - 7% - 12% - 2:49
Normal Defense
1 - 34% - 32% - 13:31
2 - 31% - 30% - 12:28
3 - 35% - 28% - 14:13
4 - 0% - 10% - 0:00
PP Forward
1 - 53% - 60% - 5:12
2 - 47% - 40% - 4:39
PP Defense
1 - 56% - 60% - 5:29
2 - 44% - 40% - 4:22
PK Forward
1 - 71% - 60% - 7:02
2 - 29% - 40% - 2:55
PK Defense
1 - 64% - 60% - 6:21
2 - 36% - 40% - 3:36
PK3 Forward
1 - 0% - 60%
2 - 0% - 40%
PK3 Defense
1 - 0% - 60%
2 - 0% - 40%
44 Forward
1 - 0% - 60%
2 - 0% - 40%
44 Defense
1 - 0% - 60%
2 - 0% - 40%
Last Minute Offensive - 0:00
Last Minute Defensive - 0:00
Total
Forward - 60:00
Defense - 60:00
|
% Time on Ice - PenguinsLines # - Real PCT - Wanted PCT - Time Play
Normal Forward
1 - 22% - 25% - 8:52
2 - 34% - 25% - 13:30
3 - 35% - 25% - 14:10
4 - 9% - 25% - 3:40
Normal Defense
1 - 16% - 25% - 6:16
2 - 30% - 25% - 12:08
3 - 37% - 25% - 14:48
4 - 17% - 25% - 7:00
PP Forward
1 - 55% - 60% - 5:26
2 - 45% - 40% - 4:31
PP Defense
1 - 56% - 60% - 5:35
2 - 44% - 40% - 4:22
PK Forward
1 - 74% - 60% - 6:17
2 - 26% - 40% - 2:15
PK Defense
1 - 46% - 60% - 3:57
2 - 54% - 40% - 4:35
PK3 Forward
1 - 57% - 60% - 0:45
2 - 43% - 40% - 0:34
PK3 Defense
1 - 56% - 60% - 0:44
2 - 44% - 40% - 0:35
44 Forward
1 - 0% - 60%
2 - 0% - 40%
44 Defense
1 - 0% - 60%
2 - 0% - 40%
Last Minute Offensive - 0:00
Last Minute Defensive - 0:00
Total
Forward - 60:00
Defense - 60:00
|
Play-by-Play
1st period
0:01 of 1st period - Ryan Winterton wins face-off versus Sheldon Rempal in neutral zone.
0:04 of 1st period - Shot by Brendan Lemieux.
0:04 of 1st period - Deflect By Ryan Winterton.
0:04 of 1st period - Stopped by Adam Scheel without a rebound.
0:04 of 1st period - Minor Penalty to Adam Scheel for Delaying the game.
0:05 of 1st period - Ivan Ivan wins face-off versus Austin Watson in Americans zone.
0:11 of 1st period - Icing by Austin Watson.
0:12 of 1st period - Ryan Winterton wins face-off versus Kristian Reichel in Penguins zone.
0:32 of 1st period - Shot by Anthony Deangelo.
0:32 of 1st period - Stopped by Adam Scheel without a rebound.
0:33 of 1st period - Thomas Bordeleau wins face-off versus Antti Saarela in Americans zone.
0:54 of 1st period - Shot by Tyler Kleven.
0:54 of 1st period - Shot Misses the Net.
0:56 of 1st period - Shot by Corey Schueneman.
0:56 of 1st period - Stopped by Adam Scheel without a rebound.
0:57 of 1st period - Thomas Bordeleau wins face-off versus Austin Watson in Americans zone.
0:57 of 1st period - Henry Thrun is hit by Austin Watson and loses puck.
1:02 of 1st period - Shot by Anthony Deangelo.
1:02 of 1st period - Shot Blocked by Henry Thrun.
1:04 of 1st period - Shot by Ryan Winterton.
1:04 of 1st period - Stopped by Adam Scheel without a rebound.
1:05 of 1st period - Ivan Ivan wins face-off versus Ryan Winterton in Americans zone.
2:48 of 1st period - Shot by Josh Anderson.
2:48 of 1st period - Shot Misses the Net.
2:50 of 1st period - Shot by Robin Salo.
2:50 of 1st period - Shot Blocked by Tyson Hinds.
2:52 of 1st period - Shot by Josh Anderson.
2:52 of 1st period - Goal by Josh Anderson - Americans : 1 - Penguins : 0.
2:53 of 1st period - Josh Anderson wins face-off versus Antti Saarela in neutral zone.
2:55 of 1st period - Ian Mitchell is hit by Corey Schueneman and loses puck.
2:59 of 1st period - Icing by Tyler Kleven.
3:00 of 1st period - Antti Saarela wins face-off versus Ivan Ivan in Penguins zone.
3:10 of 1st period - Minor Penalty to Antti Saarela for Slashing.
3:11 of 1st period - Austin Watson wins face-off versus Joakim Kemell in Penguins zone.
3:17 of 1st period - Icing by Carter Mazur.
3:18 of 1st period - Alex Turcotte wins face-off versus Austin Watson in Americans zone.
3:37 of 1st period - Shot by Josh Anderson.
3:37 of 1st period - Shot Blocked by Tyler Kleven.
3:39 of 1st period - Shot by Carter Mazur.
3:39 of 1st period - Shot Misses the Net.
3:41 of 1st period - Shot by Joakim Kemell.
3:41 of 1st period - Shot Misses the Net.
3:49 of 1st period - Shot by Josh Anderson.
3:49 of 1st period - Stopped by Mitchell Weeks with a rebound.
3:50 of 1st period - Minor Penalty to Tyler Kleven for Roughing.
3:51 of 1st period - Nikita Alexandrov wins face-off versus Austin Watson in Penguins zone.
4:25 of 1st period - Shot by Dennis Cholowski.
4:25 of 1st period - Stopped by Mitchell Weeks without a rebound.
4:26 of 1st period - Alex Turcotte wins face-off versus Ryan Winterton in Penguins zone.
4:27 of 1st period - Shot by Henry Thrun.
4:27 of 1st period - Deflect By Joakim Kemell.
4:27 of 1st period - Stopped by Mitchell Weeks without a rebound.
4:28 of 1st period - Austin Watson wins face-off versus Alex Turcotte in Penguins zone.
4:39 of 1st period - Shot by Henry Thrun.
4:39 of 1st period - Shot Blocked by Jake Massie.
4:47 of 1st period - Shot by Josh Anderson.
4:47 of 1st period - Shot Misses the Net.
4:49 of 1st period - Shot by Carter Mazur.
4:49 of 1st period - Stopped by Mitchell Weeks without a rebound.
4:50 of 1st period - Nikita Alexandrov wins face-off versus Austin Watson in Penguins zone.
5:15 of 1st period - Icing by Thomas Bordeleau.
5:16 of 1st period - Ryan Winterton wins face-off versus Sheldon Rempal in Americans zone.
5:29 of 1st period - Shot by Thomas Bordeleau.
5:29 of 1st period - Stopped by Mitchell Weeks without a rebound.
5:30 of 1st period - Ryan Winterton wins face-off versus Joakim Kemell in Penguins zone.
5:49 of 1st period - Shot by Henry Thrun.
5:49 of 1st period - Shot Blocked by Tyson Hinds.
5:52 of 1st period - Icing by Lucas Edmonds.
5:53 of 1st period - Antti Saarela wins face-off versus Ivan Ivan in Penguins zone.
6:00 of 1st period - Shot by Lucas Edmonds.
6:00 of 1st period - Shot Misses the Net.
6:14 of 1st period - Shot by Lucas Edmonds.
6:14 of 1st period - Shot Misses the Net.
6:16 of 1st period - Shot by Tyler Kleven.
6:16 of 1st period - Shot Blocked by Michael Vukojevic.
6:18 of 1st period - Shot by Lucas Edmonds.
6:18 of 1st period - Shot Blocked by Michael Vukojevic.
6:28 of 1st period - Shot by Lucas Edmonds.
6:28 of 1st period - Goal by Lucas Edmonds - Americans : 1 - Penguins : 1.
6:29 of 1st period - Alex Turcotte wins face-off versus Farm Player 115 in neutral zone.
6:36 of 1st period - Shot by Josh Anderson.
6:36 of 1st period - Deflect By Sheldon Rempal.
6:36 of 1st period - Stopped by Mitchell Weeks with a rebound.
6:38 of 1st period - Shot by Sheldon Rempal.
6:38 of 1st period - Shot Misses the Net.
6:40 of 1st period - Shot by Josh Anderson.
6:40 of 1st period - Stopped by Mitchell Weeks without a rebound.
6:41 of 1st period - Nikita Alexandrov wins face-off versus Ryan Winterton in Penguins zone.
6:52 of 1st period - Joakim Kemell is hit by Brendan Lemieux and loses puck.
6:59 of 1st period - Shot by Austin Watson.
6:59 of 1st period - Shot Blocked by Henry Thrun.
7:01 of 1st period - Shot by Ryan Winterton.
7:01 of 1st period - Shot Misses the Net.
7:09 of 1st period - Shot by Ryan Winterton.
7:09 of 1st period - Shot Blocked by Ian Mitchell.
7:11 of 1st period - Shot by Tyson Hinds.
7:11 of 1st period - Stopped by Adam Scheel with a rebound.
7:37 of 1st period - Shot by Josh Anderson.
7:37 of 1st period - Shot Misses the Net.
7:45 of 1st period - Shot by Nikita Chibrikov.
7:45 of 1st period - Goal by Nikita Chibrikov - Americans : 1 - Penguins : 2.
7:46 of 1st period - Ivan Ivan wins face-off versus Farm Player 115 in neutral zone.
7:52 of 1st period - Kristian Reichel is hit by Corey Schueneman and loses puck.
8:11 of 1st period - Shot by Thomas Bordeleau.
8:11 of 1st period - Stopped by Mitchell Weeks with a rebound.
8:34 of 1st period - Thomas Bordeleau is hit by Lucas Edmonds.
9:37 of 1st period - Off-side.
9:38 of 1st period - Nikita Alexandrov wins face-off versus Farm Player 115 in neutral zone.
10:33 of 1st period - Shot by Antti Saarela.
10:33 of 1st period - Shot Blocked by Joakim Kemell.
10:35 of 1st period - Shot by Antti Saarela.
10:35 of 1st period - Goal by Antti Saarela - Americans : 1 - Penguins : 3.
10:36 of 1st period - Ryan Winterton wins face-off versus Ivan Ivan in neutral zone.
10:53 of 1st period - Icing by Ivan Ivan.
10:54 of 1st period - Ivan Ivan wins face-off versus Lucas Edmonds in Americans zone.
11:44 of 1st period - Brayden Tracey is hit by Josh Anderson and loses puck.
13:33 of 1st period - Shot by Thomas Bordeleau.
13:33 of 1st period - Stopped by Mitchell Weeks with a rebound.
13:49 of 1st period - Shot by Daniel Torgersson.
13:49 of 1st period - Goal by Daniel Torgersson - Americans : 1 - Penguins : 4.
13:50 of 1st period - Josh Anderson wins face-off versus Austin Watson in neutral zone.
14:01 of 1st period - Shot by Martin Chromiak.
14:01 of 1st period - Deflect By Josh Anderson.
14:01 of 1st period - Stopped by Mitchell Weeks without a rebound.
14:02 of 1st period - Alex Turcotte wins face-off versus Brayden Tracey in Penguins zone.
14:23 of 1st period - Jakub Zboril is hit by Alex Turcotte.
14:38 of 1st period - Icing by Tyson Hinds.
14:39 of 1st period - Farm Player 115 wins face-off versus Ivan Ivan in Penguins zone.
14:39 of 1st period - Farm Player 115 is hit by Thomas Bordeleau.
14:45 of 1st period - Minor Penalty to Robin Salo for Slashing.
14:46 of 1st period - Ivan Ivan wins face-off versus Ryan Winterton in Americans zone.
14:54 of 1st period - Shot by Kristian Reichel.
14:54 of 1st period - Shot Misses the Net.
16:34 of 1st period - Icing by Brayden Tracey.
16:35 of 1st period - Ryan Winterton wins face-off versus Thomas Bordeleau in Penguins zone.
16:39 of 1st period - Off-side.
16:40 of 1st period - Ivan Ivan wins face-off versus Ryan Winterton in neutral zone.
17:35 of 1st period - Shot by Brayden Tracey.
17:35 of 1st period - Shot Misses the Net.
17:58 of 1st period - Icing by Sheldon Rempal.
17:59 of 1st period - Alex Turcotte wins face-off versus Antti Saarela in Americans zone.
18:24 of 1st period - Shot by Nikita Alexandrov.
18:24 of 1st period - Shot Misses the Net.
18:26 of 1st period - Shot by Joakim Kemell.
18:26 of 1st period - Stopped by Mitchell Weeks without a rebound.
18:27 of 1st period - Ryan Winterton wins face-off versus Ivan Ivan in Penguins zone.
18:38 of 1st period - Shot by Ivan Ivan.
18:38 of 1st period - Stopped by Mitchell Weeks without a rebound.
18:39 of 1st period - Nikita Alexandrov wins face-off versus Farm Player 115 in Penguins zone.
18:50 of 1st period - Shot by Carter Mazur.
18:50 of 1st period - Deflect By Joakim Kemell.
18:50 of 1st period - Stopped by Mitchell Weeks without a rebound.
18:51 of 1st period - Ryan Winterton wins face-off versus Kristian Reichel in Penguins zone.
18:51 of 1st period - Ryan Winterton is hit by Thomas Bordeleau.
18:52 of 1st period - Minor Penalty to Thomas Bordeleau for High sticking.
18:53 of 1st period - Antti Saarela wins face-off versus Ivan Ivan in Americans zone.
18:56 of 1st period - Shot by Lucas Edmonds.
18:56 of 1st period - Stopped by Adam Scheel without a rebound.
18:57 of 1st period - Ivan Ivan wins face-off versus Ryan Winterton in Americans zone.
19:10 of 1st period - Shot by Anthony Deangelo.
19:10 of 1st period - Shot Misses the Net.
19:12 of 1st period - Shot by Anthony Deangelo.
19:12 of 1st period - Shot Blocked by Henry Thrun.
19:14 of 1st period - Shot by Anthony Deangelo.
19:14 of 1st period - Shot Blocked by Henry Thrun.
Goals for this period are 1 for Americans vs 4 for Penguins.
Shots for this period are 14 for Americans vs 10 for Penguins.
2nd period
0:01 of 2nd period - Ryan Winterton wins face-off versus Ivan Ivan in neutral zone.
0:34 of 2nd period - Shot by Austin Watson.
0:34 of 2nd period - Stopped by Adam Scheel with a rebound.
1:28 of 2nd period - Icing by Carter Mazur.
1:29 of 2nd period - Antti Saarela wins face-off versus Carter Mazur in Americans zone.
1:43 of 2nd period - Icing by Lucas Edmonds.
1:44 of 2nd period - Ivan Ivan wins face-off versus Antti Saarela in Penguins zone.
1:44 of 2nd period - Thomas Bordeleau is hit by Corey Schueneman and loses puck.
1:51 of 2nd period - Shot by Kristian Reichel.
1:51 of 2nd period - Shot Misses the Net.
1:53 of 2nd period - Shot by Ian Mitchell.
1:53 of 2nd period - Deflect By Thomas Bordeleau.
1:53 of 2nd period - Stopped by Mitchell Weeks without a rebound.
1:54 of 2nd period - Josh Anderson wins face-off versus Austin Watson in Penguins zone.
1:55 of 2nd period - Shot by Jonathan Gruden.
1:55 of 2nd period - Shot Misses the Net.
2:25 of 2nd period - Shot by Austin Watson.
2:25 of 2nd period - Shot Misses the Net.
2:27 of 2nd period - Shot by Jake Massie.
2:27 of 2nd period - Stopped by Adam Scheel without a rebound.
2:28 of 2nd period - Antti Saarela wins face-off versus Ivan Ivan in Americans zone.
2:38 of 2nd period - Thomas Bordeleau is hit by Tyler Kleven.
2:48 of 2nd period - Shot by Thomas Bordeleau.
2:48 of 2nd period - Shot Hit the Post.
2:50 of 2nd period - Shot by Henry Thrun.
2:50 of 2nd period - Shot Blocked by Tyler Kleven.
2:52 of 2nd period - Shot by Henry Thrun.
2:52 of 2nd period - Stopped by Mitchell Weeks without a rebound.
2:53 of 2nd period - Nikita Alexandrov wins face-off versus Farm Player 115 in Penguins zone.
3:08 of 2nd period - Shot by Carter Mazur.
3:08 of 2nd period - Shot Misses the Net.
3:24 of 2nd period - Shot by Joakim Kemell.
3:24 of 2nd period - Shot Misses the Net.
4:07 of 2nd period - Minor Penalty to Robin Salo for Tripping.
4:08 of 2nd period - Antti Saarela wins face-off versus Ivan Ivan in Americans zone.
4:09 of 2nd period - Shot by Anthony Deangelo.
4:09 of 2nd period - Goal by Anthony Deangelo - Americans : 1 - Penguins : 5.
4:09 of 2nd period - Trent Miner enters game.
4:10 of 2nd period - Ryan Winterton wins face-off versus Ivan Ivan in neutral zone.
4:30 of 2nd period - Minor Penalty to Jake Massie for Tripping.
4:31 of 2nd period - Alex Turcotte wins face-off versus Austin Watson in Penguins zone.
5:30 of 2nd period - Shot by Thomas Bordeleau.
5:30 of 2nd period - Deflect By Sheldon Rempal.
5:30 of 2nd period - Stopped by Mitchell Weeks without a rebound.
5:31 of 2nd period - Austin Watson wins face-off versus Nikita Alexandrov in Penguins zone.
5:31 of 2nd period - Austin Watson is hit by Nikita Alexandrov.
5:49 of 2nd period - Shot by Henry Thrun.
5:49 of 2nd period - Shot Misses the Net.
5:51 of 2nd period - Shot by Josh Anderson.
5:51 of 2nd period - Goal by Josh Anderson - Americans : 2 - Penguins : 5.
5:52 of 2nd period - Antti Saarela wins face-off versus Josh Anderson in neutral zone.
5:58 of 2nd period - Nikita Chibrikov is hit by Michael Vukojevic and loses puck.
6:05 of 2nd period - Shot by Anthony Deangelo.
6:05 of 2nd period - Stopped by Trent Miner with a rebound.
6:07 of 2nd period - Shot by Lucas Edmonds.
6:07 of 2nd period - Deflect By Antti Saarela.
6:07 of 2nd period - Stopped by Trent Miner with a rebound.
6:45 of 2nd period - Shot by Thomas Bordeleau.
6:45 of 2nd period - Stopped by Mitchell Weeks without a rebound.
6:46 of 2nd period - Nikita Alexandrov wins face-off versus Farm Player 115 in Penguins zone.
6:59 of 2nd period - Shot by Brayden Tracey.
6:59 of 2nd period - Stopped by Trent Miner without a rebound.
7:00 of 2nd period - Ivan Ivan wins face-off versus Ryan Winterton in Americans zone.
7:30 of 2nd period - Shot by Tyler Kleven.
7:30 of 2nd period - Shot Misses the Net.
8:04 of 2nd period - Nikita Alexandrov is hit by Tyson Hinds and loses puck.
8:38 of 2nd period - Icing by Brayden Tracey.
8:39 of 2nd period - Josh Anderson wins face-off versus Farm Player 115 in Penguins zone.
8:52 of 2nd period - Shot by Jonathan Gruden.
8:52 of 2nd period - Shot Misses the Net.
8:54 of 2nd period - Shot by Josh Anderson.
8:54 of 2nd period - Stopped by Mitchell Weeks without a rebound.
8:55 of 2nd period - Lucas Edmonds wins face-off versus Ivan Ivan in Penguins zone.
8:55 of 2nd period - Anthony Deangelo is hit by Kristian Reichel and loses puck.
8:59 of 2nd period - Jake Massie is hit by Ivan Ivan.
9:33 of 2nd period - Icing by Robin Salo.
9:34 of 2nd period - Ryan Winterton wins face-off versus Ivan Ivan in Americans zone.
9:34 of 2nd period - Austin Watson is hit by Dennis Cholowski.
9:53 of 2nd period - Dennis Cholowski is hit by Tyler Kleven and loses puck.
10:28 of 2nd period - Ian Mitchell is hit by Nikita Chibrikov and loses puck.
10:49 of 2nd period - Carter Mazur is hit by Nikita Chibrikov and loses puck.
10:50 of 2nd period - Minor Penalty to Nikita Chibrikov for Slashing.
10:51 of 2nd period - Joakim Kemell wins face-off versus Austin Watson in Penguins zone.
12:21 of 2nd period - Shot by Carter Mazur.
12:21 of 2nd period - Stopped by Mitchell Weeks with a rebound.
12:23 of 2nd period - Shot by Carter Mazur.
12:23 of 2nd period - Stopped by Mitchell Weeks with a rebound.
12:25 of 2nd period - Shot by Samuel Houde.
12:25 of 2nd period - Stopped by Mitchell Weeks with a rebound.
12:27 of 2nd period - Shot by Ian Mitchell.
12:27 of 2nd period - Shot Blocked by Tyson Hinds.
12:43 of 2nd period - Shot by Henry Thrun.
12:43 of 2nd period - Shot Blocked by Tyson Hinds.
12:51 of 2nd period - Shot by Thomas Bordeleau.
12:51 of 2nd period - Shot Misses the Net.
13:06 of 2nd period - Thomas Bordeleau is hit by Tyler Kleven and loses puck.
13:27 of 2nd period - Minor Penalty to Corey Schueneman for Slashing.
13:28 of 2nd period - Ryan Winterton wins face-off versus Alex Turcotte in Penguins zone.
14:01 of 2nd period - Tyler Kleven is hit by Alex Turcotte and loses puck.
14:16 of 2nd period - Shot by Josh Anderson.
14:16 of 2nd period - Shot Blocked by Jakub Zboril.
14:18 of 2nd period - Shot by Henry Thrun.
14:18 of 2nd period - Shot Blocked by Jakub Zboril.
15:10 of 2nd period - Shot by Thomas Bordeleau.
15:10 of 2nd period - Shot Blocked by Tyler Kleven.
15:12 of 2nd period - Shot by Samuel Houde.
15:12 of 2nd period - Shot Misses the Net.
15:22 of 2nd period - Austin Watson is hit by Martin Chromiak and loses puck.
15:39 of 2nd period - Icing by Jake Massie.
15:40 of 2nd period - Antti Saarela wins face-off versus Ivan Ivan in Penguins zone.
15:40 of 2nd period - Antti Saarela is hit by Sheldon Rempal.
15:59 of 2nd period - Shot by Kristian Reichel.
15:59 of 2nd period - Goal by Kristian Reichel - Americans : 3 - Penguins : 5.
16:00 of 2nd period - Nikita Alexandrov wins face-off versus Farm Player 115 in neutral zone.
16:00 of 2nd period - Nikita Alexandrov is hit by Marcel Marcel.
16:08 of 2nd period - Minor Penalty to Tyson Hinds for High sticking.
16:09 of 2nd period - Ryan Winterton wins face-off versus Alex Turcotte in Penguins zone.
16:29 of 2nd period - Shot by Josh Anderson.
16:29 of 2nd period - Shot Hit the Post.
16:31 of 2nd period - Shot by Henry Thrun.
16:31 of 2nd period - Shot Blocked by Tyler Kleven.
16:33 of 2nd period - Shot by Henry Thrun.
16:33 of 2nd period - Stopped by Mitchell Weeks without a rebound.
16:34 of 2nd period - Nikita Alexandrov wins face-off versus Austin Watson in Penguins zone.
16:35 of 2nd period - Shot by Thomas Bordeleau.
16:35 of 2nd period - Stopped by Mitchell Weeks without a rebound.
16:36 of 2nd period - Brendan Lemieux wins face-off versus Thomas Bordeleau in Penguins zone.
16:47 of 2nd period - Shot by Nikita Alexandrov.
16:47 of 2nd period - Stopped by Mitchell Weeks without a rebound.
16:48 of 2nd period - Alex Turcotte wins face-off versus Austin Watson in Penguins zone.
17:06 of 2nd period - Icing by Henry Thrun.
17:07 of 2nd period - Alex Turcotte wins face-off versus Ryan Winterton in Americans zone.
17:48 of 2nd period - Shot by Sheldon Rempal.
17:48 of 2nd period - Stopped by Mitchell Weeks without a rebound.
17:49 of 2nd period - Nikita Alexandrov wins face-off versus Ryan Winterton in Penguins zone.
17:59 of 2nd period - Shot by Sheldon Rempal.
17:59 of 2nd period - Shot Blocked by Tyler Kleven.
18:01 of 2nd period - Shot by Thomas Bordeleau.
18:01 of 2nd period - Goal by Thomas Bordeleau - Americans : 4 - Penguins : 5.
18:02 of 2nd period - Kristian Reichel wins face-off versus Farm Player 115 in neutral zone.
18:17 of 2nd period - Shot by Ivan Ivan.
18:17 of 2nd period - Stopped by Mitchell Weeks with a rebound.
18:28 of 2nd period - Brayden Tracey is hit by Jack Thompson and loses puck.
18:33 of 2nd period - Shot by Daniel Torgersson.
18:33 of 2nd period - Shot Misses the Net.
18:44 of 2nd period - Icing by Michael Vukojevic.
18:45 of 2nd period - Antti Saarela wins face-off versus Ivan Ivan in Americans zone.
18:45 of 2nd period - Antti Saarela is hit by Jack Thompson.
19:39 of 2nd period - Icing by Ian Mitchell.
19:40 of 2nd period - Alex Turcotte wins face-off versus Austin Watson in Americans zone.
19:40 of 2nd period - Alex Turcotte is hit by Austin Watson.
Goals for this period are 3 for Americans vs 1 for Penguins.
Shots for this period are 16 for Americans vs 6 for Penguins.
3rd period
0:01 of 3rd period - Austin Watson wins face-off versus Nikita Alexandrov in neutral zone.
0:42 of 3rd period - Icing by Anthony Deangelo.
0:43 of 3rd period - Alex Turcotte wins face-off versus Austin Watson in Penguins zone.
0:52 of 3rd period - Shot by Josh Anderson.
0:52 of 3rd period - Shot Blocked by Ryan Winterton.
1:16 of 3rd period - Shot by Josh Anderson.
1:16 of 3rd period - Stopped by Mitchell Weeks without a rebound.
1:17 of 3rd period - Antti Saarela wins face-off versus Ivan Ivan in Penguins zone.
1:17 of 3rd period - Antti Saarela is hit by Kristian Reichel.
1:38 of 3rd period - Ivan Ivan is hit by Corey Schueneman and loses puck.
1:46 of 3rd period - Icing by Tyler Kleven.
1:47 of 3rd period - Nikita Alexandrov wins face-off versus Lucas Edmonds in Penguins zone.
2:12 of 3rd period - Shot by Nikita Alexandrov.
2:12 of 3rd period - Shot Misses the Net.
2:22 of 3rd period - Henry Thrun is hit by Antti Saarela and loses puck.
3:18 of 3rd period - Shot by Sheldon Rempal.
3:18 of 3rd period - Deflect By Josh Anderson.
3:18 of 3rd period - Stopped by Mitchell Weeks with a rebound.
3:38 of 3rd period - Shot by Ryan Winterton.
3:38 of 3rd period - Stopped by Trent Miner with a rebound.
4:24 of 3rd period - Shot by Daniel Torgersson.
4:24 of 3rd period - Shot Blocked by Michael Vukojevic.
4:26 of 3rd period - Shot by Tyler Kleven.
4:26 of 3rd period - Shot Misses the Net.
4:28 of 3rd period - Shot by Daniel Torgersson.
4:28 of 3rd period - Shot Blocked by Jack Thompson.
4:30 of 3rd period - Shot by Corey Schueneman.
4:30 of 3rd period - Goal by Corey Schueneman - Americans : 4 - Penguins : 6.
4:31 of 3rd period - Nikita Alexandrov wins face-off versus Ryan Winterton in neutral zone.
5:17 of 3rd period - Icing by Corey Schueneman.
5:18 of 3rd period - Farm Player 115 wins face-off versus Ivan Ivan in Penguins zone.
5:18 of 3rd period - Farm Player 115 is hit by Kristian Reichel.
5:19 of 3rd period - Minor Penalty to Kristian Reichel for Roughing.
5:20 of 3rd period - Antti Saarela wins face-off versus Ivan Ivan in Americans zone.
5:35 of 3rd period - Nikita Chibrikov is hit by Henry Thrun and loses puck.
7:31 of 3rd period - Shot by Joakim Kemell.
7:31 of 3rd period - Stopped by Mitchell Weeks without a rebound.
7:32 of 3rd period - Farm Player 115 wins face-off versus Alex Turcotte in Penguins zone.
7:49 of 3rd period - Shot by Sheldon Rempal.
7:49 of 3rd period - Shot Misses the Net.
7:59 of 3rd period - Shot by Alex Turcotte.
7:59 of 3rd period - Stopped by Mitchell Weeks without a rebound.
8:00 of 3rd period - Ryan Winterton wins face-off versus Nikita Alexandrov in Penguins zone.
8:13 of 3rd period - Shot by Henry Thrun.
8:13 of 3rd period - Shot Misses the Net.
8:19 of 3rd period - Shot by Joakim Kemell.
8:19 of 3rd period - Stopped by Mitchell Weeks with a rebound.
8:33 of 3rd period - Shot by Nikita Alexandrov.
8:33 of 3rd period - Shot Misses the Net.
8:43 of 3rd period - Shot by Thomas Bordeleau.
8:43 of 3rd period - Deflect By Kristian Reichel.
8:43 of 3rd period - Stopped by Mitchell Weeks with a rebound.
8:45 of 3rd period - Shot by Thomas Bordeleau.
8:45 of 3rd period - Goal by Thomas Bordeleau - Americans : 5 - Penguins : 6.
8:46 of 3rd period - Alex Turcotte wins face-off versus Antti Saarela in neutral zone.
9:53 of 3rd period - Shot by Thomas Bordeleau.
9:53 of 3rd period - Stopped by Mitchell Weeks without a rebound.
9:54 of 3rd period - Ryan Winterton wins face-off versus Nikita Alexandrov in Penguins zone.
9:54 of 3rd period - Ryan Winterton is hit by Carter Mazur.
10:01 of 3rd period - Minor Penalty to Carter Mazur for Tripping.
10:02 of 3rd period - Ivan Ivan wins face-off versus Antti Saarela in Americans zone.
10:19 of 3rd period - Shot by Corey Schueneman.
10:19 of 3rd period - Shot Misses the Net.
10:21 of 3rd period - Shot by Nikita Chibrikov.
10:21 of 3rd period - Stopped by Trent Miner without a rebound.
10:22 of 3rd period - Ivan Ivan wins face-off versus Ryan Winterton in Americans zone.
10:33 of 3rd period - Shot by Ryan Winterton.
10:33 of 3rd period - Stopped by Trent Miner without a rebound.
10:34 of 3rd period - Ivan Ivan wins face-off versus Brayden Tracey in Americans zone.
10:40 of 3rd period - Icing by Brayden Tracey.
10:41 of 3rd period - Ivan Ivan wins face-off versus Ryan Winterton in Penguins zone.
11:26 of 3rd period - Shot by Lucas Edmonds.
11:26 of 3rd period - Shot Blocked by Ivan Ivan.
11:28 of 3rd period - Shot by Corey Schueneman.
11:28 of 3rd period - Stopped by Trent Miner with a rebound.
11:30 of 3rd period - Shot by Lucas Edmonds.
11:30 of 3rd period - Shot Misses the Net.
11:32 of 3rd period - Shot by Lucas Edmonds.
11:32 of 3rd period - Stopped by Trent Miner without a rebound.
11:33 of 3rd period - Thomas Bordeleau wins face-off versus Antti Saarela in Americans zone.
11:33 of 3rd period - Thomas Bordeleau is hit by Nikita Chibrikov.
11:40 of 3rd period - Icing by Antti Saarela.
11:41 of 3rd period - Antti Saarela wins face-off versus Thomas Bordeleau in Penguins zone.
12:22 of 3rd period - Shot by Jakub Zboril.
12:22 of 3rd period - Shot Misses the Net.
12:28 of 3rd period - Shot by Daniel Torgersson.
12:28 of 3rd period - Stopped by Trent Miner without a rebound.
12:29 of 3rd period - Ryan Winterton wins face-off versus Nikita Alexandrov in Americans zone.
12:30 of 3rd period - Shot by Austin Watson.
12:30 of 3rd period - Stopped by Trent Miner without a rebound.
12:31 of 3rd period - Ryan Winterton wins face-off versus Carter Mazur in Americans zone.
12:46 of 3rd period - Joakim Kemell is hit by Brendan Lemieux.
13:04 of 3rd period - Shot by Brendan Lemieux.
13:04 of 3rd period - Stopped by Trent Miner with a rebound.
13:21 of 3rd period - Off-side.
13:22 of 3rd period - Farm Player 115 wins face-off versus Alex Turcotte in neutral zone.
13:50 of 3rd period - Shot by Sheldon Rempal.
13:50 of 3rd period - Deflect By Josh Anderson.
13:50 of 3rd period - Stopped by Mitchell Weeks without a rebound.
13:51 of 3rd period - Ivan Ivan wins face-off versus Antti Saarela in Penguins zone.
13:58 of 3rd period - Shot by Ivan Ivan.
13:58 of 3rd period - Deflect By Thomas Bordeleau.
13:58 of 3rd period - Shot Misses the Net.
14:00 of 3rd period - Shot by Thomas Bordeleau.
14:00 of 3rd period - Stopped by Mitchell Weeks without a rebound.
14:01 of 3rd period - Ivan Ivan wins face-off versus Ryan Winterton in Penguins zone.
14:10 of 3rd period - Shot by Ryan Winterton.
14:10 of 3rd period - Shot Misses the Net.
14:36 of 3rd period - Shot by Thomas Bordeleau.
14:36 of 3rd period - Stopped by Mitchell Weeks without a rebound.
14:37 of 3rd period - Alex Turcotte wins face-off versus Antti Saarela in Penguins zone.
14:42 of 3rd period - Shot by Alex Turcotte.
14:42 of 3rd period - Deflect By Josh Anderson.
14:42 of 3rd period - Shot Misses the Net.
14:44 of 3rd period - Shot by Dennis Cholowski.
14:44 of 3rd period - Stopped by Mitchell Weeks with a rebound.
14:50 of 3rd period - Shot by Josh Anderson.
14:50 of 3rd period - Stopped by Mitchell Weeks without a rebound.
14:51 of 3rd period - Farm Player 115 wins face-off versus Nikita Alexandrov in Penguins zone.
14:51 of 3rd period - Farm Player 115 is hit by Carter Mazur.
15:07 of 3rd period - Shot by Carter Mazur.
15:07 of 3rd period - Shot Misses the Net.
15:09 of 3rd period - Shot by Nikita Alexandrov.
15:09 of 3rd period - Goal by Nikita Alexandrov - Americans : 6 - Penguins : 6.
15:10 of 3rd period - Antti Saarela wins face-off versus Alex Turcotte in neutral zone.
16:06 of 3rd period - Off-side.
16:07 of 3rd period - Nikita Alexandrov wins face-off versus Austin Watson in neutral zone.
16:27 of 3rd period - Ian Mitchell is hit by Austin Watson.
16:40 of 3rd period - Shot by Ryan Winterton.
16:40 of 3rd period - Shot Misses the Net.
16:53 of 3rd period - Off-side.
16:54 of 3rd period - Ivan Ivan wins face-off versus Farm Player 115 in neutral zone.
17:12 of 3rd period - Shot by Ivan Ivan.
17:12 of 3rd period - Stopped by Mitchell Weeks with a rebound.
17:24 of 3rd period - Shot by Thomas Bordeleau.
17:24 of 3rd period - Deflect By Kristian Reichel.
17:24 of 3rd period - Shot Blocked by Jakub Zboril.
17:26 of 3rd period - Shot by Thomas Bordeleau.
17:26 of 3rd period - Stopped by Mitchell Weeks without a rebound.
17:27 of 3rd period - Josh Anderson wins face-off versus Nikita Chibrikov in Penguins zone.
17:34 of 3rd period - Shot by Josh Anderson.
17:34 of 3rd period - Deflect By Martin Chromiak.
17:34 of 3rd period - Stopped by Mitchell Weeks with a rebound.
17:40 of 3rd period - Martin Chromiak is hit by Lucas Edmonds and loses puck.
18:29 of 3rd period - Shot by Ian Mitchell.
18:29 of 3rd period - Shot Misses the Net.
18:31 of 3rd period - Shot by Nikita Alexandrov.
18:31 of 3rd period - Stopped by Mitchell Weeks with a rebound.
18:33 of 3rd period - Shot by Ian Mitchell.
18:33 of 3rd period - Shot Misses the Net.
19:02 of 3rd period - Icing by Tyson Hinds.
19:03 of 3rd period - Ivan Ivan wins face-off versus Farm Player 115 in Penguins zone.
19:26 of 3rd period - Shot by Ivan Ivan.
19:26 of 3rd period - Shot Misses the Net.
Goals for this period are 2 for Americans vs 1 for Penguins.
Shots for this period are 18 for Americans vs 9 for Penguins.
Overtime #1
0:01 of 1st overtime period - Thomas Bordeleau wins face-off versus Brendan Lemieux in neutral zone.
0:11 of 1st overtime period - Shot by Thomas Bordeleau.
0:11 of 1st overtime period - Shot Misses the Net.
1:15 of 1st overtime period - Shot by Josh Anderson.
1:15 of 1st overtime period - Shot Misses the Net.
1:55 of 1st overtime period - Shot by Lucas Edmonds.
1:55 of 1st overtime period - Stopped by Trent Miner without a rebound.
1:56 of 1st overtime period - Thomas Bordeleau wins face-off versus Brayden Tracey in Americans zone.
2:56 of 1st overtime period - Shot by Josh Anderson.
2:56 of 1st overtime period - Shot Misses the Net.
3:19 of 1st overtime period - Icing by Dennis Cholowski.
3:20 of 1st overtime period - Nikita Alexandrov wins face-off versus Ryan Winterton in Americans zone.
3:31 of 1st overtime period - Shot by Carter Mazur.
3:31 of 1st overtime period - Stopped by Mitchell Weeks without a rebound.
3:32 of 1st overtime period - Ryan Winterton wins face-off versus Alex Turcotte in Penguins zone.
4:23 of 1st overtime period - Icing by Ian Mitchell.
4:24 of 1st overtime period - Thomas Bordeleau wins face-off versus Brendan Lemieux in Americans zone.
4:43 of 1st overtime period - Shot by Tyson Hinds.
4:43 of 1st overtime period - Deflect By Austin Watson.
4:43 of 1st overtime period - Stopped by Trent Miner without a rebound.
4:44 of 1st overtime period - Lucas Edmonds wins face-off versus Alex Turcotte in Americans zone.
4:51 of 1st overtime period - Shot by Brayden Tracey.
4:51 of 1st overtime period - Shot Blocked by Henry Thrun.
Goals for this period are 0 for Americans vs 0 for Penguins.
Shots for this period are 1 for Americans vs 2 for Penguins.
ShootOut
5:00 of 1st overtime period - Round #1.
5:00 of 1st overtime period - Americans, Joakim Kemell.
5:00 of 1st overtime period - Stopped by Mitchell Weeks.
5:00 of 1st overtime period - Penguins, Austin Watson.
5:00 of 1st overtime period - Stopped by Trent Miner.
5:00 of 1st overtime period - Round #2.
5:00 of 1st overtime period - Americans, Carter Mazur.
5:00 of 1st overtime period - Shot Misses the Net.
5:00 of 1st overtime period - Penguins, Brendan Lemieux.
5:00 of 1st overtime period - Stopped by Trent Miner.
5:00 of 1st overtime period - Round #3.
5:00 of 1st overtime period - Americans, Sheldon Rempal.
5:00 of 1st overtime period - Stopped by Mitchell Weeks.
5:00 of 1st overtime period - Penguins, Ryan Winterton.
5:00 of 1st overtime period - Stopped by Trent Miner.
5:00 of 1st overtime period - Round #4.
5:00 of 1st overtime period - Americans, Kristian Reichel.
5:00 of 1st overtime period - Stopped by Mitchell Weeks.
5:00 of 1st overtime period - Penguins, Nikita Chibrikov.
5:00 of 1st overtime period - Goal by Nikita Chibrikov.
Back to the Top